 Dungeon Crawl Stone Soup version 0.28-b1-25-g9875b3fc8c (webtiles) character file.

Game seed: 1692060589329236318

8316 belegose the Basher (level 11, -1/89 HPs)
             Began as a Gnoll Cinder Acolyte on Feb 2, 2022.
             Was a High Priest of Ignis.
             Slain by a sixfirhy (10 damage)
             ... summoned by a kobold demonologist
             ... on level 10 of the Dungeon.
             The game lasted 00:25:48 (10869 turns).

belegose the Basher (Gnoll Cinder Acolyte)         Turns: 10869, Time: 00:25:48

Health: -1/89      AC: 15    Str: 14      XL:     11   Next: 29%
Magic:  30/30      EV:  9    Int: 26      God:    Ignis [*****.]
Gold:   739        SH:  9    Dex:  9 (10) Spells: 20/23 levels left

rFire   + . .      SeeInvis .   o - +10 short sword of Generosity {vorpal, *Slow Int+5}
rCold   . . .      Faith    .   P - +0 kite shield
rNeg    + . .      Spirit   .   z - +1 scale mail {rN+}
rPois   .          Reflect  .   s - +0 helmet
rElec   .          Harm     .   B - +2 cloak {Stlth+}
rCorr   .          Rampage  .   m - +0 pair of gloves
Will    .....                   k - +0 pair of boots
Stlth   +++.......              x - amulet of regeneration
HPRegen 1.04/turn               j - ring of magical power
MPRegen 0.22/turn               H - +6 ring of intelligence

@: no status effects
A: fangs 1, strong nose, distributed training
a: Renounce Religion, Fiery Armour, Foxfire Swarm, Rising Flame


You were on level 10 of the Dungeon.
You worshipped Ignis.
Ignis was extremely pleased with you.
You visited 2 branches of the dungeon, and saw 12 of its levels.

You collected 739 gold pieces.

Inventory:

Hand Weapons
 a - a -1 mace of flaming
 o - the +10 short sword of Generosity (weapon) {vorpal, *Slow Int+5}
   (You found it on level 2 of the Dungeon)

   It inflicts extra damage upon your enemies.
   Int:       It affects your intelligence (+5).
   *Slow:     It may slow you when you take damage.
 W - a +4 scimitar of flaming
Missiles
 e - 396 stones
 l - a boomerang
 n - 10 poisoned darts (quivered)
 t - 5 silver boomerangs
 v - a throwing net
 y - 49 bolts
Armour
 b - a +2 tower shield of cold resistance
 k - a +0 pair of boots (worn)
 m - a +0 pair of gloves (worn)
 r - a +2 animal skin
 s - a +0 helmet (worn)
 z - a +1 scale mail of positive energy (worn)
 B - a +2 cloak of stealth (worn)
 P - a +0 kite shield (worn)
 Q - +0 steam dragon scales
Magical Staves
 T - a staff of air
 U - a staff of fire
Jewellery
 j - a ring of magical power (left hand)
 x - an amulet of regeneration (around neck)
 H - a +6 ring of intelligence (right hand)
 S - a +6 ring of dexterity
 V - a +6 ring of strength
Wands
 A - a wand of digging (8)
 G - a wand of acid (6)
 N - a wand of flame (16)
Scrolls
 f - 3 scrolls of fog
 g - 5 scrolls of fear
 p - 4 scrolls of blinking
 q - a scroll of enchant armour {unknown}
 u - 3 scrolls of teleportation {unknown}
 C - a scroll of magic mapping {unknown}
 I - 2 scrolls of holy word {unknown}
 K - 3 scrolls of enchant weapon {unknown}
 L - 2 scrolls of amnesia {unknown}
 M - 2 scrolls of torment {unknown}
 O - 2 scrolls of noise {unknown}
 R - 2 scrolls of silence {unknown}
Potions
 c - a potion of ambrosia
 d - 2 potions of attraction
 h - 2 potions of brilliance
 i - 4 potions of haste
 w - 5 potions of curing
 D - a potion of cancellation
 E - a potion of magic
 F - a potion of lignification
 J - 4 potions of heal wounds
 X - a potion of degeneration {unknown}


   Skills:
 + Level 9.1 Fighting
 + Level 6.1 Short Blades
 + Level 6.1 Long Blades
 + Level 6.1 Axes
 + Level 9.1 Maces & Flails
 + Level 6.1 Polearms
 + Level 6.1 Staves
 + Level 6.1 Slings
 + Level 6.1 Bows
 + Level 6.1 Crossbows
 + Level 6.1 Throwing
 + Level 6.1 Armour
 + Level 6.1 Dodging
 + Level 6.1 Stealth
 + Level 6.1 Shields
 + Level 6.1 Unarmed Combat
 + Level 6.8 Spellcasting
 + Level 5.1 Conjurations
 + Level 5.1 Hexes
 + Level 5.1 Summonings
 + Level 5.1 Necromancy
 + Level 5.1 Translocations
 + Level 5.1 Transmutations
 + Level 7.5 Fire Magic
 + Level 5.1 Ice Magic
 + Level 5.1 Air Magic
 + Level 5.1 Earth Magic
 + Level 5.1 Poison Magic
 + Level 6.7 Invocations
 + Level 6.1 Evocations


You had 20 spell levels left.
You knew the following spells:

 Your Spells              Type           Power      Damage    Failure   Level
a - Call Canine Familiar  Summ           35%        N/A       24%         3

Your spell library contained the following spells:

 Spells                   Type           Power      Damage    Failure   Level
 Scorch                   Fire           96%        2d9       4%          2
 Animate Skeleton         Necr           70%        N/A       8%          1
 Apportation              Tloc           70%        N/A       8%          1
 Summon Small Mammal      Summ           100%       N/A       8%          1
 Ensorcelled Hibernation  Hex/Ice        70%        N/A       12%         2
 Frozen Ramparts          Ice            70%        1d9       24%         3
 Portal Projectile        Hex/Tloc       70%        N/A       24%         3
 Spider Form              Tmut/Pois      35%        N/A       24%         3
 Anguish                  Hex/Necr       17%        N/A       61%         4
 Ice Form                 Ice/Tmut       35%        N/A       61%         4
 Leda's Liquefaction      Hex/Erth       17%        N/A       61%         4
 Summon Ice Beast         Ice/Summ       35%        N/A       61%         4


Dungeon Overview and Level Annotations

Branches:
Dungeon (11/15)            Temple (1/1) D:4            Lair (0/6) D:9
    Orc: D:9-12

Altars:
Gozag
Hepliaklqana
Makhleb
Nemelex Xobeh
Okawaru
Qazlal
Ru
Vehumet
Wu Jian
Xom
Yredelemnul

Shops:
D:3 *   D:5 *   D:6 [   D:7 :*

Annotations:
D:9 2 runed translucent doors, exclusion: 2 doors


Innate Abilities, Weirdness & Mutations

You have very sharp teeth.
Your uncanny sense of smell can sniff out nearby items.
Your experience applies equally to all skills.


Message History

You barely miss the kobold demonologist.
The kobold demonologist is moderately wounded.
The orc warrior hits you with a +0 scimitar.
You hit the kobold demonologist but do no damage.
The kobold demonologist is moderately wounded.
You block the kobold demonologist's attack.
You closely miss the kobold demonologist.
The kobold demonologist is moderately wounded.
You block the orc warrior's attack.
The kobold demonologist mumbles some strange words.
You barely miss the kobold demonologist.
The kobold demonologist is moderately wounded.
You block the orc warrior's attack.
The kobold demonologist mumbles some strange words.
You hit the kobold demonologist.
You bite the kobold demonologist, but do no damage.
The kobold demonologist is heavily wounded.
The orc warrior hits you with a +0 scimitar.
The kobold demonologist hits you with a +0 dagger.
You block the shadow imp's attack. You block the sixfirhy's attack.
Unknown command.
You closely miss the kobold demonologist.
The kobold demonologist is heavily wounded.
The sixfirhy hits you! The sixfirhy shocks you!
The sixfirhy hits you but does no damage.
The sixfirhy hits you! The sixfirhy shocks you!
The orc warrior barely misses you.
The kobold demonologist hits you but does no damage.
The sixfirhy hits you but does no damage.
The shadow imp hits you but does no damage.
You hit the kobold demonologist.
You bite the kobold demonologist, but do no damage.
The kobold demonologist is severely wounded.
The sixfirhy hits you. The sixfirhy shocks you! The sixfirhy hits you.
The sixfirhy shocks you!
* * * LOW HITPOINT WARNING * * *
The sixfirhy hits you!
* * * LOW HITPOINT WARNING * * *
The sixfirhy shocks you!
You die...

#.########.#
#.###)...#.############
#...#.................#
###.##......#########.#
#.........'.......#.#
####......#######.#.#
#......#######.#.#######
#........5o3##.#....^..####
#.......5K@.'..........+...
#.......5...##.##......####
#...........##.##......####
#######.....##.########....
#........########.###
#....................
#####################.###
#........# #.# #........#
#######'###


You could see a kobold demonologist, a sixfirhy (summoned), an orc warrior, an
iron imp (summoned), a white imp (summoned) and a shadow imp (summoned).

Vanquished Creatures
  Erica (D:11)
  2 two-headed ogres (D:9)
  An ugly thing (D:9)
  2 hornets
  A wyvern (D:11)
  A wraith (D:10)
  5 vampire mosquitoes
  A yak (D:11)
  A basilisk (D:9)
  A steam dragon (D:8)
  2 acid dragons
  3 water moccasins
  Pargi (D:3)
  4 orc warriors
  2 black bears
  A hornet zombie (D:6)
  3 centaurs
  2 phantoms (D:5)
  2 bullfrogs
  5 scorpions
  A water moccasin zombie (D:5)
  6 killer bees (D:7)
  A howler monkey (D:9)
  A bullfrog zombie (D:6)
  5 centaur zombies
  8 orc priests
  Crazy Yiuf (D:3)
  A bullfrog skeleton (D:5)
  2 hounds
  5 jellies
  A centaur skeleton (D:5)
  3 iguanas
  3 orc wizards
  Terence (D:3)
  2 killer bee zombies
  A nameless horror (D:9)
  A hound skeleton (D:4)
  2 howler monkey zombies
  Robin (D:2)
  13 gnolls
  10 adders
  2 white imps
  A worm (D:3)
  3 dart slugs
  40 orcs
  9 ball pythons
  7 endoplasms
  6 giant cockroaches
  10 hobgoblins
  4 kobolds
  7 quokkas
  16 bats
  4 frilled lizards
  16 goblins
  10 rats
245 creatures vanquished.

Vanquished Creatures (others)
  2 fungi (D:9)
  7 plants
9 creatures vanquished.

Grand Total: 254 creatures vanquished

Notes
Turn   | Place    | Note
-------+----------+-------------------------------------------
     0 | D:1      | belegose the Gnoll Cinder Acolyte began the quest for the
                  | Orb.
     0 | D:1      | Reached XP level 1. HP: 23/23 MP: 4/4
   126 | D:1      | Reached XP level 2. HP: 26/29 MP: 5/5
   671 | D:1      | Reached XP level 3. HP: 35/35 MP: 7/7
  1248 | D:2      | Reached skill level 1 in Invocations
  1290 | D:2      | Reached skill level 1 in Short Blades
  1290 | D:2      | Reached skill level 1 in Long Blades
  1290 | D:2      | Reached skill level 1 in Axes
  1290 | D:2      | Reached skill level 1 in Polearms
  1290 | D:2      | Reached skill level 1 in Staves
  1290 | D:2      | Reached skill level 1 in Slings
  1290 | D:2      | Reached skill level 1 in Bows
  1290 | D:2      | Reached skill level 1 in Crossbows
  1290 | D:2      | Reached skill level 1 in Throwing
  1290 | D:2      | Reached skill level 1 in Armour
  1290 | D:2      | Reached skill level 1 in Dodging
  1290 | D:2      | Reached skill level 1 in Stealth
  1290 | D:2      | Reached skill level 1 in Shields
  1290 | D:2      | Reached skill level 1 in Unarmed Combat
  1290 | D:2      | Reached skill level 1 in Evocations
  1351 | D:2      | Reached XP level 4. HP: 41/41 MP: 8/8
  1783 | D:2      | Reached skill level 1 in Conjurations
  1783 | D:2      | Reached skill level 1 in Hexes
  1783 | D:2      | Reached skill level 1 in Summonings
  1783 | D:2      | Reached skill level 1 in Necromancy
  1783 | D:2      | Reached skill level 1 in Translocations
  1783 | D:2      | Reached skill level 1 in Transmutations
  1783 | D:2      | Reached skill level 1 in Ice Magic
  1783 | D:2      | Reached skill level 1 in Air Magic
  1783 | D:2      | Reached skill level 1 in Earth Magic
  1783 | D:2      | Reached skill level 1 in Poison Magic
  1814 | D:2      | Identified the +10 short sword of Generosity {vorpal, *Slow
                  | Int+5}
  1825 | D:2      | Found a faded altar of an unknown god.
  2373 | D:3      | Reached XP level 5. HP: 47/47 MP: 9/9
  2822 | D:2      | Noticed Robin
  2824 | D:2      | Killed Robin
  3372 | D:2      | Reached XP level 6. HP: 44/53 MP: 10/10
  3429 | D:3      | Noticed Pargi
  3792 | D:3      | Killed Pargi
  4013 | D:3      | Found a runed translucent door.
  4014 | D:3      | Noticed Crazy Yiuf
  4137 | D:3      | Noticed Terence
  4146 | D:3      | Killed Terence
  4162 | D:3      | Found Ocir's General Store.
  4289 | D:3      | Killed Crazy Yiuf
  4290 | D:3      | Reached XP level 7. HP: 57/59 MP: 12/12
  4474 | D:4      | Found a staircase to the Ecumenical Temple.
  4535 | Temple   | Entered the Ecumenical Temple
  5249 | D:4      | Learned a level 3 spell: Call Canine Familiar
  5276 | D:5      | Entered Level 5 of the Dungeon
  5433 | D:5      | Reached XP level 8. HP: 67/67 MP: 14/14
  5784 | D:5      | Found a sparkling altar of Nemelex Xobeh.
  5869 | D:5      | Found Gozag's Platinum Reserve.
  5869 | D:5      | Found an opulent altar of Gozag.
  6396 | D:6      | Reached XP level 9. HP: 72/72 MP: 16/16
  6417 | D:6      | Found an iron altar of Okawaru.
  6530 | D:6      | Found a burning altar of Makhleb.
  6530 | D:6      | Found an ornate altar of the Wu Jian Council.
  6713 | D:6      | Reached skill level 5 in Spellcasting
  6775 | D:6      | Found Jiefita's Armour Boutique.
  7267 | D:7      | Found Raugheunei's Assorted Antiques.
  7362 | D:7      | Found Feutumig's Book Shop.
  7591 | D:7      | Found a stormy altar of Qazlal.
  7884 | D:8      | Found a sacrificial altar of Ru.
  7887 | D:8      | Found a basalt altar of Yredelemnul.
  8011 | D:8      | Reached skill level 5 in Invocations
  8022 | D:8      | Found a hazy altar of Hepliaklqana.
  8126 | D:8      | Found a shimmering altar of Xom.
  8685 | D:9      | Reached XP level 10. HP: 80/80 MP: 18/18
  8781 | D:9      | Noticed a two-headed ogre
  8801 | D:9      | Noticed a two-headed ogre
  9046 | D:9      | Found a staircase to the Lair.
  9284 | D:9      | Noticed a white ugly thing
  9317 | D:9      | Killed a white ugly thing
  9318 | D:9      | Reached skill level 5 in Short Blades
  9318 | D:9      | Reached skill level 5 in Long Blades
  9318 | D:9      | Reached skill level 5 in Axes
  9318 | D:9      | Reached skill level 5 in Polearms
  9318 | D:9      | Reached skill level 5 in Staves
  9318 | D:9      | Reached skill level 5 in Slings
  9318 | D:9      | Reached skill level 5 in Bows
  9318 | D:9      | Reached skill level 5 in Crossbows
  9318 | D:9      | Reached skill level 5 in Throwing
  9318 | D:9      | Reached skill level 5 in Armour
  9318 | D:9      | Reached skill level 5 in Dodging
  9318 | D:9      | Reached skill level 5 in Stealth
  9318 | D:9      | Reached skill level 5 in Shields
  9318 | D:9      | Reached skill level 5 in Unarmed Combat
  9318 | D:9      | Reached skill level 5 in Evocations
  9479 | D:9      | Found a large runed translucent door.
  9480 | D:9      | Found a large runed translucent door.
  9480 | D:9      | Noticed a four-headed hydra
  9530 | D:9      | Killed a two-headed ogre
  9607 | D:9      | Killed a two-headed ogre
  9734 | D:10     | Entered Level 10 of the Dungeon
 10338 | D:10     | Reached XP level 11. HP: 86/87 MP: 20/20
 10519 | D:11     | Noticed Erica
 10520 | D:11     | Killed Erica
 10546 | D:11     | Found a radiant altar of Vehumet.
 10575 | D:11     | Reached skill level 5 in Conjurations
 10575 | D:11     | Reached skill level 5 in Hexes
 10575 | D:11     | Reached skill level 5 in Summonings
 10575 | D:11     | Reached skill level 5 in Necromancy
 10575 | D:11     | Reached skill level 5 in Translocations
 10575 | D:11     | Reached skill level 5 in Transmutations
 10575 | D:11     | Reached skill level 5 in Ice Magic
 10575 | D:11     | Reached skill level 5 in Air Magic
 10575 | D:11     | Reached skill level 5 in Earth Magic
 10575 | D:11     | Reached skill level 5 in Poison Magic
 10799 | D:10     | Paralysed by a hornet for 2 turns
 10866 | D:10     | Noticed a sixfirhy
 10869 | D:10     | Slain by a sixfirhy

Illustrated notes

Levels and vault maps discovered:
D:1:      dpeg_arrival_rhombi, layout_rooms
D:2:      layout_loops_ring, ebering_ecumenical_altar_rust, uniq_robin
D:3:      layout_rooms, serial_shops, nicolae_shop_behind_doors, st_stairs_1,
          roderic_batcave, wander_ebering_terrifying_dragon_lair,
          uniq_crazy_yiuf_cottage, uniq_terence, uniq_pargi
D:4:      layout_loops_ring, minmay_temple_entry_mist, serial_bayou_ford_a
D:5:      wander_river, layout_gridville, nicolae_gozag_zags_fifth_avenue,
          amcnicky_altar_gilded
D:6:      layout_basic, okawaru_altar_gauntlet_db, jmf_multi_god_temple,
          serial_shops, nicolae_shop_crystal
D:7:      layout_cave_pools, mainiacjoe_overflow_alcove_2, serial_shops,
          nicolae_shop_trees, nicolae_shop_advertising_works
          [nicolae_subvault_shop_adworks]
D:8:      layout_basic, kennysheep_mini_moat, grunt_temple_overflow_open,
          mainiacjoe_overflow_catwalk
D:9:      layout_loops_ring, jmf_multi_god_temple2, dpeg_oklobed_lair,
          grunt_tough_drop
D:10:     layout_basic
D:11:     layout_cave_pools, nicolae_vehumet_radiance, uniq_erica, uniq_snorg
Temple:   jpeg_temple_alley_garden

Skill      XL: |  1  2  3  4  5  6  7  8  9 10 11 |
---------------+----------------------------------+-----
Invocations    | 1 2 3 4 5 6 |  6.7
Short Blades   | 1 2 3 4 5 6 |  6.1
Long Blades    | 1 2 3 4 5 6 |  6.1
Axes           | 1 2 3 4 5 6 |  6.1
Polearms       | 1 2 3 4 5 6 |  6.1
Staves         | 1 2 3 4 5 6 |  6.1
Slings         | 1 2 3 4 5 6 |  6.1
Bows           | 1 2 3 4 5 6 |  6.1
Crossbows      | 1 2 3 4 5 6 |  6.1
Throwing       | 1 2 3 4 5 6 |  6.1
Armour         | 1 2 3 4 5 6 |  6.1
Dodging        | 1 2 3 4 5 6 |  6.1
Stealth        | 1 2 3 4 5 6 |  6.1
Shields        | 1 2 3 4 5 6 |  6.1
Unarmed Combat | 1 2 3 4 5 6 |  6.1
Evocations     | 1 2 3 4 5 6 |  6.1
Spellcasting   | 3 4 5 6 |  6.8
Conjurations   | 1 2 3 4 5 |  5.1
Hexes          | 1 2 3 4 5 |  5.1
Summonings     | 1 2 3 4 5 |  5.1
Necromancy     | 1 2 3 4 5 |  5.1
Translocations | 1 2 3 4 5 |  5.1
Transmutations | 1 2 3 4 5 |  5.1
Ice Magic      | 1 2 3 4 5 |  5.1
Air Magic      | 1 2 3 4 5 |  5.1
Earth Magic    | 1 2 3 4 5 |  5.1
Poison Magic   | 1 2 3 4 5 |  5.1
Fighting       | 7 8 9 |  9.1
Maces & Flails | 7 8 9 |  9.1
Fire Magic     | 6 7 |  7.5

Action                   |  1- 3 |  4- 6 |  7- 9 | 10-12 || total
-------------------------+-------+-------+-------+-------++-------
Melee: Mace              |   114 |    54 |       |       ||   168
       Bite              |    12 |    10 |    29 |    27 ||    78
       Punch             |     2 |     3 |     2 |       ||     7
       Short sword       |       |   125 |   287 |   238 ||   650
Throw: Boomerang         |       |     3 |       |       ||     3
       Dart              |       |     2 |       |     4 ||     6
 Cast: Call Canine Famil |       |       |       |     3 ||     3
  Use: Scroll            |       |       |    12 |     3 ||    15
       Potion            |       |       |       |     1 ||     1
 Stab: Sleeping          |     2 |     3 |    13 |     2 ||    20
Armor: Robe              |    23 |    45 |       |       ||    68
       Animal skin       |       |    37 |    81 |       ||   118
       Scale mail        |       |       |    48 |   115 ||   163
Dodge: Dodged            |    61 |   175 |   147 |    79 ||   462
Block: Kite shield       |       |       |    55 |   121 ||   176
